 Dungeon Crawl Stone Soup version 0.29-a0-275-g389c0b56f3 (webtiles) character file.

Game seed: 7318904503717282589

578 Ajdolov the Conjurer (level 7, -1/52 HPs)
             Began as a Gnoll Wanderer on Mar 13, 2022.
             Succumbed to a killer bee's poison
             ... on level 4 of the Dungeon.
             The game lasted 00:07:02 (5011 turns).

Ajdolov the Conjurer (Gnoll Wanderer)               Turns: 5011, Time: 00:07:02

Health: -1/52      AC:  3    Str: 11    XL:     7   Next: 36%
Magic:  12/12      EV: 11    Int: 13    God:
Gold:   162        SH:  4    Dex: 12    Spells: 13/13 levels left

rFire   . . .      SeeInvis .   e - +3 spear (freeze)
rCold   . . .      Faith    .   b - +0 buckler
rNeg    . . .      Spirit   .   d - +0 leather armour
rPois   .          Reflect  .   (no helmet)
rElec   .          Harm     .   (no cloak)
rCorr   .          Rampage  .   (no gloves)
Will    .....                   (no boots)
Stlth   +.........              (no amulet)
HPRegen 0.17/turn               (no ring)
MPRegen 0.13/turn               (no ring)

@: lethally poisoned (-1 -> -10), silenced
A: fangs 1, strong nose, distributed training
a: no special abilities


You were on level 4 of the Dungeon.
You visited 1 branch of the dungeon, and saw 4 of its levels.

You collected 162 gold pieces.

Inventory:

Hand Weapons
 e - a +3 spear of freezing (weapon)
 g - a +0 long sword
Armour
 b - a +0 buckler (worn)
 d - a +0 leather armour (worn)
Scrolls
 h - a scroll of amnesia
 l - a scroll of immolation {unknown}
 m - a scroll of blinking {unknown}
Potions
 a - 2 potions of brilliance


   Skills:
 + Level 3.6 Fighting
 + Level 2.4 Short Blades
 + Level 5.2 Long Blades
 + Level 2.4 Axes
 + Level 2.4 Maces & Flails
 + Level 2.4 Polearms
 + Level 2.4 Staves
 + Level 2.4 Slings
 + Level 2.4 Bows
 + Level 2.4 Crossbows
 + Level 3.6 Throwing
 + Level 2.4 Armour
 + Level 2.4 Dodging
 + Level 2.4 Stealth
 + Level 3.6 Shields
 + Level 2.4 Unarmed Combat
 + Level 3.7 Spellcasting
 + Level 5.8 Conjurations
 + Level 2.0 Hexes
 + Level 2.0 Summonings
 + Level 2.0 Necromancy
 + Level 2.0 Translocations
 + Level 2.0 Transmutations
 + Level 2.0 Fire Magic
 + Level 2.0 Ice Magic
 + Level 2.0 Air Magic
 + Level 2.0 Earth Magic
 + Level 2.0 Poison Magic
 + Level 2.7 Invocations
 + Level 3.6 Evocations


You had 13 spell levels left.
You didn't know any spells.
Your spell library contained the following spells:

 Spells                   Type           Power      Damage    Failure   Level
 Foxfire                  Conj/Fire      48%        2x1d6     8%          1
 Shock                    Conj/Air       48%        1d6       8%          1
 Sandblast                Erth           14%        2d6       16%         1
 Stone Arrow              Conj/Erth      24%        3d8       22%         3
 Passwall                 Tmut/Erth      5%         N/A       24%         2
 Flame Wave               Conj/Fire      12%        2d6       58%         4


Dungeon Overview and Level Annotations

Branches:
Dungeon (4/15)
 Temple: D:4-7

Altars:

Shops:
D:4 :


Innate Abilities, Weirdness & Mutations

You have very sharp teeth.
Your uncanny sense of smell can sniff out nearby items.
Your experience applies equally to all skills.


Message History

Your Transmutations skill increases to level 2!
Your Fire Magic skill increases to level 2!
Your Ice Magic skill increases to level 2!
Your Air Magic skill increases to level 2!
Your Earth Magic skill increases to level 2!
Your Poison Magic skill increases to level 2!
Okay, then.
As you read the scroll labelled INTIRO XILA, it crumbles to dust.
The scroll dissolves into smoke.
It was a scroll of fog.
You feel sick. You block the killer bee's attack.
The killer bee barely misses you.
Okay, then.
As you read the scroll labelled CEESHECH ANEE, it crumbles to dust.
A profound silence engulfs you.
It was a scroll of silence.
You feel sick.
You are no longer poisoned.
The killer bee barely misses you. The killer bee stings you.
* * * LOW HITPOINT WARNING * * *
Unknown command.
You barely miss the killer bee. The killer bee stings you.
* * * LOW HITPOINT WARNING * * *
You are poisoned.
The killer bee poisons you! The killer bee barely misses you. x2
You hit the killer bee. You freeze the killer bee.
The killer bee is lightly wounded.
You feel sick.
The killer bee stings you but does no damage.
You block the killer bee's attack.
Unknown command.
You closely miss the killer bee. Your bite misses the killer bee.
The killer bee is lightly wounded.
You feel sick. The killer bee barely misses you. x2
You barely miss the killer bee.
The killer bee is lightly wounded.
You feel sick. The killer bee stings you!
* * * LOW HITPOINT WARNING * * *
You are more poisoned.
The killer bee poisons you! You block the killer bee's attack.
Unknown command.
You hit the killer bee. You freeze the killer bee.
The killer bee is moderately wounded.
You die...

#.................##
...##...............# #.
##.............## ..
#.##...#..†...# . ##.
#.#............# ..###..
#....##........#
.......#####............##
.....oyy.###§§.........##
....o.o).oy@§§........##
......y##g##§§§..#.....
....... ####§##.###...
....... ### ## ... ...#...
.. .# ##.. ... ...


You could see a killer bee, an orc and a goblin.

Vanquished Creatures
  A black bear (D:2)
  An ogre (D:3)
  A phantom (D:4)
  A kobold brigand (D:3)
  A killer bee (D:4)
  A gnoll shaman (D:4)
  An iguana (D:4)
  5 gnolls
  2 adders
  3 dart slugs
  6 orcs
  5 bats
  7 endoplasms
  5 giant cockroaches
  9 goblins
  10 hobgoblins
  3 jackals (D:2)
  5 quokkas
  6 ball pythons
  3 frilled lizards
  9 kobolds
  8 rats
93 creatures vanquished.

Notes
Turn   | Place    | Note
-------+----------+-------------------------------------------
     0 | D:1      | Ajdolov the Gnoll Wanderer began the quest for the Orb.
     0 | D:1      | Ajdolov set off with the following items: a +0 falchion, a
                  | +0 buckler, a potion of curing, a +0 leather armour; and
                  | the following spells available to memorise: Foxfire, Shock,
                  | Flame Wave
     0 | D:1      | Reached XP level 1. HP: 17/17 MP: 4/4
    90 | D:1      | Reached XP level 2. HP: 16/23 MP: 5/5
   720 | D:1      | Reached XP level 3. HP: 28/28 MP: 7/7
  1369 | D:2      | Reached skill level 1 in Invocations
  1542 | D:2      | Found a faded altar of an unknown god.
  1680 | D:2      | Reached skill level 1 in Short Blades
  1680 | D:2      | Reached skill level 1 in Axes
  1680 | D:2      | Reached skill level 1 in Maces & Flails
  1680 | D:2      | Reached skill level 1 in Polearms
  1680 | D:2      | Reached skill level 1 in Staves
  1680 | D:2      | Reached skill level 1 in Slings
  1680 | D:2      | Reached skill level 1 in Bows
  1680 | D:2      | Reached skill level 1 in Crossbows
  1680 | D:2      | Reached skill level 1 in Armour
  1680 | D:2      | Reached skill level 1 in Dodging
  1680 | D:2      | Reached skill level 1 in Stealth
  1680 | D:2      | Reached skill level 1 in Unarmed Combat
  2206 | D:2      | Reached XP level 4. HP: 34/34 MP: 8/8
  2211 | D:2      | Noticed a black bear
  2219 | D:2      | Killed a black bear
  2220 | D:2      | Reached skill level 1 in Hexes
  2220 | D:2      | Reached skill level 1 in Summonings
  2220 | D:2      | Reached skill level 1 in Necromancy
  2220 | D:2      | Reached skill level 1 in Translocations
  2220 | D:2      | Reached skill level 1 in Transmutations
  2220 | D:2      | Reached skill level 1 in Fire Magic
  2220 | D:2      | Reached skill level 1 in Ice Magic
  2220 | D:2      | Reached skill level 1 in Air Magic
  2220 | D:2      | Reached skill level 1 in Earth Magic
  2220 | D:2      | Reached skill level 1 in Poison Magic
  2220 | D:2      | Reached XP level 5. HP: 35/40 MP: 9/9
  2653 | D:3      | Noticed a kobold brigand
  2674 | D:3      | Killed a kobold brigand
  2675 | D:3      | Reached XP level 6. HP: 6/47 MP: 9/11
  3482 | D:4      | Found Xeraetokh's Book Boutique.
  3491 | D:3      | Reached skill level 5 in Long Blades
  4174 | D:4      | Reached XP level 7. HP: 13/52 MP: 12/12
  5010 | D:4      | HP: 1/52 [killer bee (7)]
  5011 | D:4      | Succumbed to a killer bee's poison

Illustrated notes

Levels and vault maps discovered:
D:1:      elethiomel_arrival_infinity_welcomes_careful_drivers,
          layout_loops_corners, minmay_heptomino_w4
D:2:      layout_loops_corners, dreamdust_ecumenical_altar_statues,
          minmay_misc_feat_rows, minmay_misc_feat_ornament
D:3:      cheibrodos_thug_alley, layout_loops_ring
D:4:      layout_cave_pools, serial_shops, shop, gup_sewer_entry_pipe

Skill      XL: |  1  2  3  4  5  6  7 |
---------------+----------------------+-----
Invocations    | 1 2 |  2.7
Short Blades   | 1 2 |  2.4
Axes           | 1 2 |  2.4
Maces & Flails | 1 2 |  2.4
Polearms       | 1 2 |  2.4
Staves         | 1 2 |  2.4
Slings         | 1 2 |  2.4
Bows           | 1 2 |  2.4
Crossbows      | 1 2 |  2.4
Armour         | 1 2 |  2.4
Dodging        | 1 2 |  2.4
Stealth        | 1 2 |  2.4
Unarmed Combat | 1 2 |  2.4
Spellcasting   | 3 |  3.7
Hexes          | 1 2 |  2.0
Summonings     | 1 2 |  2.0
Necromancy     | 1 2 |  2.0
Translocations | 1 2 |  2.0
Transmutations | 1 2 |  2.0
Fire Magic     | 1 2 |  2.0
Ice Magic      | 1 2 |  2.0
Air Magic      | 1 2 |  2.0
Earth Magic    | 1 2 |  2.0
Poison Magic   | 1 2 |  2.0
Fighting       | 3 |  3.6
Throwing       | 3 |  3.6
Shields        | 3 |  3.6
Evocations     | 3 |  3.6
Long Blades    | 5 |  5.2
Conjurations   | |  5.8

Action                   |  1- 3 |  4- 6 |  7- 9 || total
-------------------------+-------+-------+-------++-------
Melee: Falchion          |    18 |       |       ||    18
       Spear             |    69 |   139 |    50 ||   258
       Bite              |     3 |    10 |     6 ||    19
  Use: Potion            |       |     2 |       ||     2
       Scroll            |       |     3 |     2 ||     5
 Stab: Distracted        |     1 |     1 |       ||     2
       Sleeping          |     4 |     3 |       ||     7
Armor: Leather armour    |    13 |    22 |     4 ||    39
Dodge: Dodged            |    34 |    61 |    28 ||   123
Block: Buckler           |     7 |    24 |    17 ||    48

Table legend: (Time is in decaauts)
 A = Elapsed time spent in this place.
 B = Non-inter-level travel time spent in this place.
 C = Inter-level travel time spent in this place.
 D = Time resting spent in this place.
 E = Time spent auto-exploring this place.
 F = Levels seen in this place.
 G = Mean time per level.
                   A        B        C        D        E       F      G
               +--------+--------+--------+--------+--------+-----+--------+
         Total |   5036 |   4892 |    144 |   1528 |   2665 |   4 | 1259.0 |
       Dungeon |   5036 |   4892 |    144 |   1528 |   2665 |   4 | 1259.0 |
               +--------+--------+--------+--------+--------+-----+--------+

Top non-repeatable levels by time:
     D:3: 2006 daAuts
     D:1: 1332 daAuts
     D:2: 1039 daAuts
     D:4: 657 daAuts
